 Dungeon Crawl Stone Soup version 0.19-a0-1662-gb81896f (webtiles) character file.

3 MackTheKnife the Firebug (level 1, 0/13 HPs)
             Began as a Halfling Wanderer on Sept 21, 2016.
             Slain by a leopard gecko (4 damage)
             ... on level 1 of the Dungeon.
             The game lasted 00:00:35 (183 turns).

MackTheKnife the Firebug (Halfling Wanderer)         Turns: 183, Time: 00:00:35

Health: 0/13       AC:  2    Str: 13    XL:     1   Next: 55%
Magic:  2/2        EV: 13    Int: 11    God:
Gold:   0          SH:  0    Dex: 12    Spells: 0 memorised, 2 levels left

rFire  . . .     SeeInvis .     f - +0 dagger
rCold  . . .     Gourm    .     d - +0 robe
rNeg   . . .     Faith    .     (shield restricted)
rPois  .         Spirit   .     (no helmet)
rElec  .         Dismiss  .     (no cloak)
rCorr  .         Reflect  .     (no gloves)
MR     .....     Harm     .     (no boots)
Stlth  ++........               (no amulet)
                                (no ring)
                                (no ring)

@: no status effects
A: mutation resistance 1
a: no special abilities


You were on level 1 of the Dungeon.
You were not hungry.

You visited 1 branch of the dungeon, and saw 1 of its levels.

Inventory:

Hand Weapons
 f - a +0 dagger (weapon)
Armour
 d - a +0 robe (worn)
Scrolls
 e - a scroll of enchant armour {unknown}
Potions
 c - a potion of lignification {!q}
Books
 a - a book of Flames
 b - the Volume of the Voyage

   Spells                             Type                      Level
   a - Apportation                    Translocation                1
   b - Recall                         Summoning/Translocation      3
Comestibles
 g - a bread ration {@e1}


   Skills:
 - Level 1.4 Fighting
 + Level 0.0 Short Blades
   Level 1.0 Staves
 - Level 2.1 Stealth
   Level 1.1 Shields
 - Level 1.0 Spellcasting
   Level 1.1 Charms
   Level 3.0 Fire Magic


You had 2 spell levels left.
You didn't know any spells.

Dungeon Overview and Level Annotations

Branches:
Dungeon (1/15)

Altars:


Innate Abilities, Weirdness & Mutations

You are small and have problems with some larger weapons.
You are somewhat resistant to further mutation.


Message History

Welcome, MackTheKnife the Halfling Wanderer.
Will you prevail where others failed? Will you find the Orb of Zot?
Found a scroll labeled SEP RUOHIGG.
Found a staircase leading out of the dungeon.
Wield which item (- for none, * to show all)? (? for menu, Esc to quit)
f - a +0 dagger (weapon)
Drop what? 7/52 slots (_ for help) (? for menu, Esc to quit)
You drop a +0 club.
e - a scroll labeled SEP RUOHIGG
Okay, then.
You enter the shallow water.
Moving in this stuff is going to be slow.
Found an escape hatch in the floor.
A leopard gecko comes into view.
The leopard gecko hisses angrily.
A leopard gecko is nearby!
A leopard gecko is nearby!
You hit the leopard gecko.
The leopard gecko completely misses you.
You barely miss the leopard gecko. The leopard gecko bites you.
You take 1 damage, and have 12/13 hp.
You hit the leopard gecko. The leopard gecko bites you.
The leopard gecko misses you.
You take 4 damage, and have 8/13 hp.
MASSIVE DAMAGE!!
You hit the leopard gecko.
You kill the leopard gecko!
You start resting.
Health restored: 13 A leopard gecko comes into view.
A leopard gecko is nearby!
A leopard gecko is nearby!
A leopard gecko is nearby! 2 jackals and an ooze come into view.
The jackal barks!
The ooze moves out of view.
Found 8 gold pieces.
Found a stone staircase leading down.
The jackal completely misses you.
You hit the jackal. The jackal barely misses you.
You hit the jackal.
You kill the jackal!
You closely miss the leopard gecko.
The leopard gecko bites you but does no damage.
You barely miss the leopard gecko. The leopard gecko misses you.
You hit the leopard gecko.
The leopard gecko bites you but does no damage.
You barely miss the leopard gecko. The leopard gecko bites you.
The leopard gecko misses you.
You take 1 damage, and have 12/13 hp.
You hit the leopard gecko but do no damage.
The leopard gecko barely misses you.
The jackal barks!
You hit the leopard gecko but do no damage.
The leopard gecko bites you.
You take 3 damage, and have 9/13 hp.
MASSIVE DAMAGE!!
You barely miss the leopard gecko. The leopard gecko barely misses you.
You closely miss the leopard gecko. The leopard gecko barely misses you.
You hit the leopard gecko but do no damage.
The leopard gecko barely misses you. The leopard gecko closely misses you.
You barely miss the leopard gecko. The leopard gecko barely misses you.
Unknown command.
You barely miss the leopard gecko. The leopard gecko closely misses you.
You closely miss the leopard gecko. The leopard gecko bites you.
You take 3 damage, and have 6/13 hp.
MASSIVE DAMAGE!!
You hit the leopard gecko but do no damage.
The leopard gecko closely misses you.
You completely miss the leopard gecko. The leopard gecko misses you.
The leopard gecko closely misses you.
You miss the leopard gecko. The leopard gecko bites you.
You take 2 damage, and have 4/13 hp.
You closely miss the leopard gecko. The leopard gecko bites you.
You die...

#...# ..# .#
......#.###.###
#..>..#........
#...#...#...# ###
#.....l....# #..
#?........## #.#
........#h# #.####
### #########l#
#.##..... #@#
#.##.... ##.##
###.##.#.## #...#
#.........# #...#
#.#.##.##.#
#...####.#.##.##.#(
#........#.........
#..###.###.###.####
.....#.............#
......#.8.⌠⌠⌠>⌠⌠⌠.8.#


You could see a leopard gecko and a jackal.

Vanquished Creatures
  A leopard gecko (D:1)
  A jackal (D:1)
2 creatures vanquished.

Notes
Turn   | Place    | Note
-------+----------+-------------------------------------------
     0 | D:1      | MackTheKnife the Halfling Wanderer began the quest for the Orb.
     0 | D:1      | MackTheKnife set off with: a book of Flames, the Volume of the Voyage, a potion of lignification {!q}, a +0 robe, a +0 club, a +0 dagger, a bread ration {@e1}
     0 | D:1      | Reached XP level 1. HP: 13/13 MP: 2/2
     4 | D:1      | Identified the Volume of the Voyage
   183 | D:1      | Slain by a leopard gecko

Vault maps used:
D:1:      zaba_arrival_water

Action                   || total
-------------------------++-------
Melee: Dagger            ||    22
Armor: Robe              ||     2
Dodge: Dodged            ||    16

Vault maps used:
D:1:      zaba_arrival_water

Table legend:
 A = Turns spent in this place as a percentage of turns spent in the entire game.
 B = Non-inter-level travel turns spent in this place as a percentage of non-inter-level travel turns spent in the entire game.
 C = Inter-level travel turns spent in this place as a percentage of turns spent in this place.
 D = Turns resting spent in this place as a percentage of non-inter-level travel turns spent in this place.
 E = Turns spent auto-exploring this place as a percentage of non-inter-level travel turns spent in this place.
 F = Non-inter-level travel turns spent in this place divided by the number of levels of this place that you've seen.
                   A       B       C       D       E      F
               +-------+-------+-------+-------+-------+----------------------
         Total | 100.0 | 100.0 |   0.0 |   3.7 |   5.6 |  54.0
       Dungeon | 100.0 | 100.0 |   0.0 |   3.7 |   5.6 |  54.0
               +-------+-------+-------+-------+-------+----------------------

Table legend:
 A = Kills in this place as a percentage of kills in entire the game.
 B = Kills by you in this place as a percentage of kills by you in the entire game.
 C = Kills by friends in this place as a percentage of kills by friends in the entire game.
 D = Other kills in this place as a percentage of other kills in the entire game.
 E = Experience gained in this place as a percentage of experience gained in the entire game.
 F = Experience gained in this place divided by the number of levels of this place that you have seen.
                   A       B       C       D       E      F
               +-------+-------+-------+-------+-------+----------------------
         Total | 100.0 | 100.0 |  -nan |  -nan | 100.0 |   5.0
       Dungeon | 100.0 | 100.0 |  -nan |  -nan | 100.0 |   5.0
               +-------+-------+-------+-------+-------+----------------------
